 Dungeon Crawl Stone Soup version 0.30.0-15-g856e2d3f33 (webtiles) character file.

Game seed: 11109800532072253570

278 Darkkill the Shooter (level 6, -1/52 HPs)
             Began as a Minotaur Hunter on May 18, 2023.
             Was an Initiate of Gozag.
             Slain by an iguana (12 damage)
             ... on level 4 of the Dungeon.
             The game lasted 00:04:01 (2656 turns).

Darkkill the Shooter (Minotaur Hunter)              Turns: 2656, Time: 00:04:02

Health: -1/52      AC:  6    Str: 22    XL:     6   Next: 5%
Magic:  5/5        EV: 13    Int:  6    God:    Gozag
Gold:   282        SH:  0    Dex: 15    Spells: 5/5 levels left

rFire   . . .        d - +0 arbalest
rCold   . . .        (shield currently unavailable)
rNeg    . . .        c - +0 leather armour
rPois   .            (helmet restricted)
rElec   .            (no cloak)
rCorr   .            o - +2 pair of gloves
SInv    .            (no boots)
Will    .....        r - amulet of Fedhas, Growing {Regen+ Stlth+}
Stlth   +++          f - +6 ring of strength
HPRegen 1.08/turn    (no ring)
MPRegen 0.09/turn

%: no passive effects
@: gold aura
A: horns 2, retaliatory headbutt
a: Renounce Religion, Potion Petition, Call Merchant, Bribe Branch


You were on level 4 of the Dungeon.
You worshipped Gozag.
Gozag was aware of your devotion.
You visited 1 branch of the dungeon, and saw 4 of its levels.

You collected 282 gold pieces.

Inventory:

Hand Weapons
 b - the +1 mace "Vuiq" {vamp, Str+9 Int-2}
   (You found it on level 3 of the Dungeon)

   Str:       It affects your strength (+9).
   Int:       It affects your intelligence (-2).
 d - a +0 arbalest (weapon)
Missiles
 g - 58 stones
 j - 8 javelins
 q - 6 poisoned darts
Armour
 c - a +0 leather armour (worn)
 o - a +2 pair of gloves (worn)
Jewellery
 f - a +6 ring of strength (left hand)
 r - the amulet of Fedhas, Growing (around neck) {Regen+ Stlth+}
   (You found it on level 3 of the Dungeon)

   [amulet of regeneration]

   Regen:     It increases your rate of health regeneration.
   Stlth:     It makes you more stealthy.
Scrolls
 l - a scroll of blinking
 p - a scroll of enchant armour
 v - 5 scrolls of immolation
Potions
 a - a potion of resistance {unknown}
 e - 2 potions of attraction
 h - a potion of invisibility
 i - 2 potions of might {unknown}
 k - a potion of heal wounds {unknown}
 m - a potion of ambrosia {unknown}
 n - a potion of berserk rage {unknown}


   Skills:
 + Level 4.3 Fighting
 + Level 5.5 Ranged Weapons
 + Level 4.0 Dodging
 + Level 2.6 Stealth


You had 5 spell levels left.
You didn't know any spells.
Your spell library contained the following spells:

 Spells                   Type           Power      Damage    Failure   Level
 Slow                     Hex            0%         N/A       50%         1
 Portal Projectile        Hex/Tloc       0%         N/A       86%         3
 Tukima's Dance           Hex            0%         N/A       86%         3
 Blade Hands              Tmut           0%         N/A       100%        5


Dungeon Overview and Level Annotations

Branches:
Dungeon (4/15)
 Temple: D:4-7

Altars:
Gozag

Shops:
D:1 (

Annotations:
D:3 2 transporters, monsoonserge's ghost, weakling MeHs


Innate Abilities, Weirdness & Mutations

You have a pair of horns on your head.
You reflexively headbutt those who attack you in melee.


Message History

You hear an angry growl.
Fire: d) +0 arbalest
Press: ? - help, Q - select action, (/) - cycle Shift-Dir - straight line, f/p - ufetubus
Aim: an ufetubus (severely wounded, 35% to hit)
You shoot a bolt. The bolt hits the ufetubus!
You kill the ufetubus!
The ice beast closely misses you. You furiously retaliate!
You headbutt the ice beast!
Fire: d) +0 arbalest
Press: ? - help, Q - select action, (/) - cycle Shift-Dir - straight line, f - ice beast
Aim: an ice beast (severely wounded, 56% to hit)
You shoot a bolt. The bolt closely misses the ice beast.
The bolt closely misses the iguana.
The ice beast closely misses you.
Fire: d) +0 arbalest
Press: ? - help, Q - select action, (/) - cycle Shift-Dir - straight line, f/p - ice beast
Aim: an ice beast (severely wounded, 56% to hit)
You shoot a bolt. The bolt closely misses the ice beast.
The bolt hits the iguana.
The iguana is lightly wounded.
The ice beast barely misses you.
A black bear comes into view.
The ice beast hits you but does no damage.
Fire: d) +0 arbalest
Press: ? - help, Q - select action, (/) - cycle Shift-Dir - straight line, f/p - ice beast
Aim: an ice beast (severely wounded, 56% to hit)
You shoot a bolt. The bolt hits the ice beast!
You kill the ice beast!
Your Fighting skill increases to level 4!
Fire: d) +0 arbalest
Press: ? - help, Q - select action, (/) - cycle Shift-Dir - straight line, f - iguana
Aim: an iguana (61% to hit)
You shoot a bolt. The bolt hits the iguana!
The iguana is almost dead.
The iguana bites you.
The giant cockroach is distracted by your dazzling golden aura.
The iguana misses you.
Fire: d) +0 arbalest
Press: ? - help, Q - select action, (/) - cycle Shift-Dir - straight line, f/p - iguana
Aim: an iguana (almost dead, 61% to hit)
You shoot a bolt. The bolt hits the iguana.
You kill the iguana!
The giant cockroach is no longer distracted by gold.
The black bear is distracted by your dazzling golden aura.
The hobgoblin closely misses you. You furiously retaliate!
You headbutt the hobgoblin.
The black bear growls angrily.
Your Dodging skill increases to level 4!
You have reached level 6!
Fire: d) +0 arbalest
Press: ? - help, Q - select action, (/) - cycle Shift-Dir - straight line, f - black bear
Aim: a black bear (65% to hit)
You shoot a bolt.
The bolt hits the black bear but does no damage.
The black bear is no longer distracted by gold.
The hobgoblin hits you but does no damage.
The black bear bites you but does no damage.
The black bear claws you but does no damage.
The black bear claws you.
Fire: d) +0 arbalest
Press: ? - help, Q - select action, (/) - cycle Shift-Dir - straight line, f/p - black bear
Aim: a black bear (65% to hit)
You shoot a bolt. The bolt hits the black bear!
The black bear is moderately wounded.
The hobgoblin closely misses you. The black bear bites you.
The black bear closely misses you.
The black bear claws you but does no damage.
The hobgoblin closely misses you. You furiously retaliate!
You headbutt the hobgoblin!
You kill the hobgoblin!
The black bear closely misses you.
The black bear claws you but does no damage.
The black bear barely misses you.
Fire: d) +0 arbalest
Press: ? - help, Q - select action, (/) - cycle Shift-Dir - straight line, f/p - black bear
Aim: a black bear (moderately wounded, 65% to hit)
You shoot a bolt. The bolt hits the black bear!
The black bear is severely wounded.
The black bear goes berserk!
The iguana bites you.
The jackal is distracted by your dazzling golden aura.
The black bear bites you!
The black bear claws you but does no damage.
The black bear closely misses you. The iguana bites you!
Fire: d) +0 arbalest
Press: ? - help, Q - select action, (/) - cycle Shift-Dir - straight line, f/p - black bear
Aim: a black bear (severely wounded, berserk, 65% to hit)
You shoot a bolt. The bolt closely misses the black bear.
The black bear bites you.
The black bear claws you but does no damage.
The black bear misses you. The iguana bites you!
* * * LOW HITPOINT WARNING * * *
The black bear closely misses you. x2; The black bear misses you.
Fire: d) +0 arbalest
Press: ? - help, Q - select action, (/) - cycle Shift-Dir - straight line, f/p - black bear
Aim: a black bear (severely wounded, berserk, 65% to hit)
You shoot a bolt. The bolt hits the black bear!
You kill the black bear!
The iguana barely misses you. The iguana bites you!
You die...
Your body crumbles into a pile of gold.

##..<...# #..###
##[.#######... #....#
#..## #.... #....## ##.##
#.... #.....# #..# ###....
##..).# #.## ##.##...
#...)# #.# #..# #.h ###..#
##.# #.#####l########.#
#..## ###.##...$@........#
$ ..).#
#...##.............#
....###.####.............#
.....)..####.########'####
....###....# ##.).## $
##### ###### ##.....## #
#.......# # #.......# #
#.......# $


You could see an iguana and a jackal.

Vanquished Creatures
  A black bear (D:4)
  An ice beast (D:4)
  An orc priest (D:4)
  An iguana (D:4)
  3 adders
  2 ufetubi (D:4)
  3 dart slugs (D:1)
  10 orcs
  4 ball pythons
  4 endoplasms
  2 giant cockroaches
  10 hobgoblins
  12 kobolds
  4 quokkas
  2 bats
  10 frilled lizards (D:2)
  8 goblins
  3 rats
81 creatures vanquished.

Notes
Turn   | Place    | Note
-------+----------+-------------------------------------------
     0 | D:1      | Darkkill the Minotaur Hunter began the quest for the Orb.
     0 | D:1      | Reached XP level 1. HP: 18/18 MP: 0/0
    86 | D:1      | Reached skill level 1 in Stealth
   106 | D:1      | Reached XP level 2. HP: 22/25 MP: 1/1
   136 | D:1      | Found Xaonussu's Weapon Emporium.
   422 | D:1      | Reached XP level 3. HP: 31/31 MP: 2/2
  1717 | D:2      | Reached XP level 4. HP: 38/38 MP: 3/3
  1895 | D:3      | Identified the amulet of Fedhas, Growing {Regen+ Stlth+}
  2021 | D:3      | Noticed monsoonserge's ghost (weakling MeHs)
  2025 | D:3      | Found a transporter.
  2082 | D:3      | Found a transporter.
  2152 | D:3      | Found a faded altar of an unknown god.
  2157 | D:3      | Got Plato's Exposition on Imprecation
  2210 | D:3      | Prayed at the altar of an unknown god.
  2210 | D:3      | Became a worshipper of Gozag Ym Sagoz the Greedy
  2293 | D:3      | Identified the +1 mace "Vuiq" {vamp, Str+9 Int-2}
  2320 | D:3      | Reached skill level 5 in Ranged Weapons
  2589 | D:4      | Reached XP level 5. HP: 36/46 MP: 4/4
  2634 | D:4      | Noticed an ice beast
  2648 | D:4      | Noticed a black bear
  2649 | D:4      | Killed an ice beast
  2652 | D:4      | Reached XP level 6. HP: 47/52 MP: 5/5
  2655 | D:4      | HP: 9/52 [iguana (12)]
  2656 | D:4      | Slain by an iguana

Illustrated notes

Levels and vault maps discovered:
D:1:      denvon_arrival_planthouse, layout_basic, serial_shops, shop
D:2:      layout_basic, minivault_24, minmay_lizard_pond
D:3:      corexii_shack_village, layout_rooms, gammafunk_ghost_arena,
          shapermc_ecumenical_altar_rom_forum
D:4:      minmay_opposing_rooms, layout_rooms, nicolae_uskayaw_suspiria

Skill      XL: |  1  2  3  4  5 |
---------------+----------------+-----
Stealth        | 1 2 |  2.6
Fighting       | 3 4 |  4.3
Dodging        | 3 4 |  4.0
Ranged Weapons | 5 |  5.5

Action                     |  1- 3 |  4- 6 || total
---------------------------+-------+-------++-------
   Fire: Shortbow          |    82 |       ||    82
         Arbalest          |    20 |    74 ||    94
    Use: Scroll            |     4 |     6 ||    10
 Armour: Leather armour    |    14 |    19 ||    33
  Dodge: Dodged            |    26 |    42 ||    68
  Block: Other             |     2 |     6 ||     8

Levels and vault maps discovered:
D:1:      denvon_arrival_planthouse, layout_basic, serial_shops, shop
D:2:      layout_basic, minivault_24, minmay_lizard_pond
D:3:      corexii_shack_village, layout_rooms, gammafunk_ghost_arena,
          shapermc_ecumenical_altar_rom_forum
D:4:      minmay_opposing_rooms, layout_rooms, nicolae_uskayaw_suspiria

Table legend: (Time is in decaauts)
 A = Elapsed time spent in this place.
 B = Non-inter-level travel time spent in this place.
 C = Inter-level travel time spent in this place.
 D = Time resting spent in this place.
 E = Time spent auto-exploring this place.
 F = Levels seen in this place.
 G = Mean time per level.
                   A        B        C        D        E       F      G
               +--------+--------+--------+--------+--------+-----+--------+
         Total |   2741 |   2577 |    164 |    130 |   2013 |   4 |  685.2 |
       Dungeon |   2741 |   2577 |    164 |    130 |   2013 |   4 |  685.2 |
               +--------+--------+--------+--------+--------+-----+--------+

Top non-repeatable levels by time:
     D:2: 1043 daAuts
     D:1: 814 daAuts
     D:3: 650 daAuts
     D:4: 233 daAuts

Table legend:
 A = Kills in this place as a percentage of kills in the entire game.
 B = Kills by you in this place as a percentage of kills by you in the entire game.
 C = Kills by friends in this place as a percentage of kills by friends in the entire game.
 D = Other kills in this place as a percentage of other kills in the entire game.
 E = Experience gained in this place as a percentage of experience gained in the entire game.
 F = Experience gained in this place divided by the number of levels of this place that you have seen.
                   A       B       C       D       E      F
               +-------+-------+-------+-------+-------+----------------------
         Total | 100.0 | 100.0 |   N/A |   N/A | 100.0 | 132.8
       Dungeon | 100.0 | 100.0 |   N/A |   N/A | 100.0 | 132.8
               +-------+-------+-------+-------+-------+----------------------
